 Dungeon Crawl Stone Soup version 0.30-a0-918-g0ff054e9dc (webtiles) character file.

Game seed: 6905058961927723570

21 DeathPants the Grasshopper (level 2, -1/25 HPs)
             Began as a Ghoul Warper on Mar 20, 2023.
             Slain by an adder (2 damage)
             ... on level 1 of the Dungeon.
             The game lasted 00:02:31 (560 turns).

DeathPants the Grasshopper (Ghoul Warper)            Turns: 560, Time: 00:02:31

Health: -1/25      AC:  3    Str: 14    XL:     2   Next: 83%
Magic:  2/4        EV: 11    Int:  8    God:
Gold:   78         SH:  0    Dex:  8    Spells: 3/5 levels left

rFire   . . .      SeeInvis .    a - +0 hand axe
rCold   + . .      Faith    .    (no shield)
rNeg    + + +      Spirit   .    b - +0 leather armour
rPois   ∞          Reflect  .    (no helmet)
rElec   .          Rampage  .    (no cloak)
rCorr   +                        (no gloves)
Will    .....                    (no boots)
Stlth   +                        (no amulet)
HPRegen 0.00/turn                h - ring of resist corrosion
MPRegen 0.09/turn                (no ring)

@: inhibited regen
A: claws 1, cold resistance 1, negative energy resistance 3, inhibited
regeneration, torment resistance 2, devour on kill
a: no special abilities


You were on level 1 of the Dungeon.
You visited 1 branch of the dungeon, and saw 2 of its levels.

You collected 78 gold pieces.

Inventory:

Hand Weapons
 a - a +0 hand axe (weapon)
Missiles
 d - 5 boomerangs of dispersal (quivered)
Armour
 b - a +0 leather armour (worn)
Jewellery
 h - a ring of resist corrosion (left claw)
Scrolls
 c - a scroll of blinking
 e - 2 scrolls of teleportation {unknown}
 f - a scroll of magic mapping {unknown}
 i - a scroll of identify {unknown}
Potions
 g - a potion of lignification {unknown}


   Skills:
 + Level 2.6 Fighting
 + Level 2.1 Axes
 - Level 0.8 Throwing
 - Level 0.8 Armour
 - Level 1.7 Dodging
 + Level 2.0 Spellcasting
 + Level 2.9 Translocations


You had 3 spell levels left.
You knew the following spells:

 Your Spells              Type           Power      Damage    Failure   Level
a - Blink                 Tloc           10%        N/A       19%         2

Your spell library contained the following spells:

 Spells                   Type           Power      Damage    Failure   Level
 Lesser Beckoning         Tloc           10%        N/A       19%         2
 Teleport Other           Tloc           5%         N/A       36%         3
 Vhi's Electric Charge    Tloc/Air       6%         N/A       56%         3
 Manifold Assault         Tloc           5%         N/A       77%         4


Dungeon Overview and Level Annotations

Branches:
Dungeon (2/15)

Altars:

Shops:
D:1 (


Innate Abilities, Weirdness & Mutations

You are immune to poison.
You have sharp fingernails.
Your flesh is cold resistant. (rC+)
You are immune to negative energy. (rN+++)
You do not regenerate when monsters are visible.
You are immune to unholy pain and torment.
You thrive by killing the living.


Message History

The adder is severely wounded.
The adder misses you.
You hit the adder.
The adder is severely wounded.
The adder misses you. The adder barely misses you.
You closely miss the adder.
The adder is severely wounded.
The adder barely misses you. The adder bites you.
* * * LOW HITPOINT WARNING * * *
You barely miss the adder.
The adder is severely wounded.
The adder bites you.
* * * LOW HITPOINT WARNING * * *
Casting: Blink (safe; 19% risk of failure)
Confirm with . or Enter, or press ? or * to list all spells.
You blink.
Throw: 7 boomerangs (disperse)
Press: ? - help, Q - select action, (/) - cycle Shift-Dir - straight line, f - adder
Aim: an adder (severely wounded, 32% to hit)
You throw a boomerang of dispersal.
The boomerang of dispersal barely misses the adder.
Throw: 6 boomerangs (disperse)
Press: ? - help, Q - select action, (/) - cycle Shift-Dir - straight line, f/p - adder
Aim: an adder (severely wounded, 32% to hit)
You throw a boomerang of dispersal.
The boomerang of dispersal closely misses the adder.
You hit the adder but do no damage.
The adder is severely wounded.
The adder barely misses you.
You closely miss the adder.
The adder is severely wounded.
You feel stable enough to blink again. The adder barely misses you.
The adder bites you but does no damage.
You miss the adder.
The adder is severely wounded.
The adder closely misses you.
You closely miss the adder.
The adder is severely wounded.
The adder barely misses you. The adder bites you.
You die...

##### ##...##### #######
##.....#..# ....... #......... #
#....... !.######.......# ..#
#.......
...............S@.#.#..##.......
...........#.....##.##..#.......#
....# #>......................
....# ##†......# #. ##....###.
....# #.......###.##.....###.
....# #.........#........†...
....## ###.....##..........##.#
...... #......### #...........#
....#. ##.####...# #...........#


You could see an adder.

Vanquished Creatures
  A dart slug (D:1)
  3 ball pythons (D:1)
  An endoplasm (D:1)
  2 goblins (D:1)
  A hobgoblin (D:1)
  4 quokkas (D:1)
  A bat (D:1)
  2 frilled lizards (D:1)
  A kobold (D:1)
  2 rats
18 creatures vanquished.

Notes
Turn   | Place    | Note
-------+----------+-------------------------------------------
     0 | D:1      | DeathPants the Ghoul Warper began the quest for the Orb.
     0 | D:1      | Reached XP level 1. HP: 17/17 MP: 2/2
   173 | D:1      | Reached XP level 2. HP: 18/25 MP: 3/3
   176 | D:1      | Learned a level 2 spell: Blink
   458 | D:1      | Found Sagh's Antique Weapon Shop.
   553 | D:1      | HP: 1/25 [adder (4)]
   560 | D:1      | Slain by an adder

Illustrated notes

Levels and vault maps discovered:
D:1:      saegor_arrival_simple_b, layout_rooms, serial_shops,
          nicolae_shop_waterfront
D:2:      layout_loops_ring, ebering_ecumenical_altar_sacrificial,
          minmay_tiny_reverse_x

Skill      XL: |  1  2 |
---------------+-------+-----
Axes           | 2 |  2.1
Spellcasting   | 2 |  2.0
Fighting       | |  2.6
Throwing       | |  0.8
Armour         | |  0.8
Dodging        | |  1.7
Translocations | |  2.9

Action                     || total
---------------------------++-------
  Melee: Hand axe          ||    90
         Punch             ||     2
  Throw: Boomerang         ||     2
   Cast: Blink             ||     1
 Armour: Leather armour    ||    26
  Dodge: Dodged            ||    75

Table legend: (Time is in decaauts)
 A = Elapsed time spent in this place.
 B = Non-inter-level travel time spent in this place.
 C = Inter-level travel time spent in this place.
 D = Time resting spent in this place.
 E = Time spent auto-exploring this place.
 F = Levels seen in this place.
 G = Mean time per level.
                   A        B        C        D        E       F      G
               +--------+--------+--------+--------+--------+-----+--------+
         Total |    578 |    578 |      0 |      0 |    355 |   2 |  289.0 |
       Dungeon |    578 |    578 |      0 |      0 |    355 |   2 |  289.0 |
               +--------+--------+--------+--------+--------+-----+--------+

Top non-repeatable levels by time:
     D:1: 562 daAuts
     D:2: 15 daAuts
